 Dungeon Crawl Stone Soup version 0.32-a0-18-g89e19f1974 (webtiles) character file.

Game seed: 1712612710247912657

3923 Xavori the Charlatan (level 10, -3/72 HPs)
             Began as a Djinni Chaos Knight on Jan 16, 2024.
             Was a Plaything of Xom.
             Slain by a wight
             ... wielding a +0 long sword
              (10 damage)
             ... on level 8 of the Dungeon.
             The game lasted 00:08:39 (14335 turns).

Xavori the Charlatan (Djinni Chaos Knight)         Turns: 14335, Time: 00:08:39

Health: -3/72      AC:  7    Str: 10    XL:     10   Next: 44%
Gold:   415        EV: 20    Int: 20    God:    Xom [..*...] SH:  0 Dex: 22

rFire   + + .        y - +2 long sword (holy)
rCold   x . .        (no shield)
rNeg    . . .        b - +2 leather armour
rPois   ∞            (helmet restricted)
rElec   +            l - scarf of Qoarchir {+Inv, -Tele Int+8}
rCorr   .            (no gloves)
SInv    +            (boots unavailable)
Will    +....        A - amulet of faith
Stlth   ++           d - ring of see invisible
HPRegen 0.32/turn    u - +5 ring of evasion
MPRegen 0.00/turn

%: no teleportation, random rage (3%), faith, infuse magic (-4 HP)
@: on berserk cooldown, flying
A: sickness immunity, fire resistance 2, cold vulnerability 1, float, innate
caster, HP casting, extra vitality 1, horns 2, iridescent scales 1, agile 1,
berserk 1, electricity resistance, wild magic 1, inability to read after injury
1, MP-powered wands
a: Renounce Religion, Evoke Invisibility


You were on level 8 of the Dungeon.
You worshipped Xom.
You were a toy of Xom.
You visited 1 branch of the dungeon, and saw 8 of its levels.

You collected 415 gold pieces.

Inventory:

Hand Weapons
 y - a +2 long sword of holy wrath (weapon)
Missiles
 D - a throwing net (quivered)
Armour
 b - a +2 leather armour (worn)
 l - the scarf of Qoarchir (worn) {+Inv, -Tele Int+8}
   (Xom gifted it to you on level 1 of the Dungeon)

   Int+8:     It affects your intelligence (+8).
   -Tele:     It prevents most forms of teleportation.
Jewellery
 d - a ring of see invisible (left hand)
 i - a ring of willpower
 u - a +5 ring of evasion (right hand)
 w - a ring of ice
 A - an amulet of faith (around neck)
 E - a +6 ring of strength
 F - a ring of resist corrosion
 I - a +6 ring of dexterity
Wands
 z - a wand of charming (13)
 G - a wand of iceblast (12)
 K - a wand of quicksilver (3)
Scrolls
 c - a scroll of butterflies
 f - 2 scrolls of vulnerability
 g - a scroll of amnesia {unknown}
 h - 4 scrolls of fog
 k - 3 scrolls of teleportation
 m - 4 scrolls of enchant weapon
 p - 3 scrolls of revelation
 t - 2 scrolls of fear
 v - a scroll of blinking {unknown}
 x - 2 scrolls of enchant armour {unknown}
 B - 2 scrolls of immolation {unknown}
 J - a scroll of identify
Potions
 a - a potion of enlightenment {unknown}
 e - 3 potions of heal wounds {unknown}
 j - 2 potions of berserk rage {unknown}
 n - a potion of might {unknown}
 o - 3 potions of curing
 q - 2 potions of cancellation {unknown}
 r - 3 potions of lignification {unknown}
 s - a potion of brilliance {unknown}
 C - 3 potions of mutation {unknown}
 H - a potion of resistance {unknown}


   Skills:
 + Level 6.0 Fighting
 + Level 5.4 Long Blades
 + Level 5.1 Armour
 + Level 6.0 Dodging
 * Level 5.4 Spellcasting
 * Level 5.4 Conjurations
 * Level 5.4 Hexes
   Level 0.0 Charms
 * Level 5.4 Summonings
 * Level 5.4 Necromancy
 * Level 5.4 Translocations
   Level 0.0 Transmutations
 * Level 5.4 Fire Magic
 * Level 5.4 Ice Magic
 * Level 5.4 Air Magic
 * Level 5.4 Earth Magic
 * Level 5.4 Alchemy
 * Level 6.8 Evocations


You knew the following spells:

 Your Spells              Type           Power      Damage    Failure   Level
a - Magic Dart            Conj           100%       1d8       3%          1
b - Searing Ray           Conj           70%        2d7       4%          2
c - Jinxbite              Hex            70%        N/A       4%          2
d - Summon Ice Beast      Ice/Summ       35%        N/A       8%          3
Your spell library was empty.

Dungeon Overview and Level Annotations

Branches:
Dungeon (8/15)             Temple (0/1) D:5
   Lair: D:8-11

Altars:
Xom
The Shining One

Annotations:
D:3 2 transporters, Implojin's ghost, amateur NaAl


Innate Abilities, Weirdness & Mutations

You are immune to sickness and miasma.
You are immune to poison.
Your flesh is very heat resistant. (rF++)
You are vulnerable to cold. (rC-)
You float through the air rather than walking.
You learn spells naturally, not from books.
Your magical power is your life essence.
You have superior vitality. (+4 MHP)
You have a pair of horns on your head.
You are partially covered in iridescent scales. (AC +2)
You are agile. (Dex +4, Str/Int -1)
You sometimes lose your temper in combat.
You are resistant to electric shocks. (rElec)
Your spells are a little harder to cast, but a little more powerful.
You occasionally lose the ability to read scrolls when taking damage.
You expend health (3 HP) to strengthen your wands.


Message History

The wight completely misses you.
The wight hits you with a +4 great sword.
* * * LOW HITPOINT WARNING * * *
The wight completely misses you. x2
Your Fighting skill increases to level 6!
Aiming: Quicksilver Bolt
Press: ? - help, Shift-Dir - straight line, f/p - wight
Aim: a wight, wielding a +4 great sword and wearing a +0 robe (76% to hit)
You feel a surge of power!
The bolt of dispelling energy hits the wight!!
You destroy the wight!
The bolt of dispelling energy hits the orc!!
You kill the orc!
* * * LOW HITPOINT WARNING * * *
The wight barely misses you.
Unknown command.
You feel better.
You feel yourself speed up.
The wight completely misses you. x2; The wight closely misses you.
Aiming: Quicksilver Bolt
Press: ? - help, Shift-Dir - straight line, f - wight
Aim: a wight, wielding a +0 dire flail and wearing a +0 robe (lightly damaged, 76% to hit)
You feel a surge of power!
The bolt of dispelling energy hits the wight!
The wight is almost destroyed.
* * * LOW HITPOINT WARNING * * *
The wight hits you with a +0 dire flail.
* * * LOW HITPOINT WARNING * * *
The wight barely misses you.
A wight comes into view. It is wielding a +2 mace.
Aiming: Quicksilver Bolt
Press: ? - help, Shift-Dir - straight line, f/p - wight
Aim: a wight, wielding a +0 dire flail and wearing a +0 robe (almost destroyed, 76% to hit)
You feel a surge of power!
The bolt of dispelling energy hits the wight!
You destroy the wight!
* * * LOW HITPOINT WARNING * * *
The wight hits you with a +0 long sword!
You die...
Xom titters!

...#.#..........#≈≈.≈≈#
...#............#≈♣.♣≈#
...#.###........#≈...≈#
...#.# #........#≈♣b♣≈#
...#.# #.>.)....#≈≈.≈≈#
)).#.# ##...##.####'###
)).#.# #..)# .#)..o..#
+#.#.# ##### .#)####.#
# .#.#.# #@# #.# .#
.#.#.# #.z.# #z###.#
.#'#.####
#z######.#.†o#
.......<# #.......o#)#
..†.<##### ##.......zz#
...=.....# ...#####.#.#
.....###.# # .......
.....# ##..#.### .....#
...#..


You could see 2 wights.

Vanquished Creatures
  Pikel (D:7)
  Grinder (D:5)
  A wyvern (D:6)
  A water moccasin (D:5)
  An orc warrior (D:8)
  An ice beast (D:5)
  A sky beast (D:7)
  A black bear (D:5)
  An ogre (D:4)
  2 centaurs
  A lemure (D:7)
  2 phantoms
  Blork the orc (D:4)
  3 bullfrogs
  3 scorpions
  2 wights (D:8)
  4 howler monkeys
  4 bombardier beetles
  2 jellies
  An orc priest (D:5)
  2 gnoll boudas
  6 hounds
  A sleepcap (D:4)
  An iguana (D:6)
  3 orc wizards
  7 gnolls
  9 adders
  A river rat (D:3)
  A white imp (D:7)
  3 ufetubi (D:6)
  A dart slug (D:1)
  29 orcs
  7 endoplasms
  3 giant cockroaches
  9 goblins
  7 hobgoblins
  3 jackals (D:1)
  9 kobolds
  3 quokkas
  4 ball pythons
  4 bats
  3 frilled lizards
  5 rats
155 creatures vanquished.

Vanquished Creatures (collateral kills)
  A sixfirhy (D:7)
  An orc warrior (D:7)
  A phantom (D:7)
  An iguana (D:6)
  2 gnolls (D:6)
  A shadow imp (D:7)
  An ufetubus (D:6)
  An orc (D:7)
9 creatures vanquished.

Grand Total: 164 creatures vanquished

Notes
Turn   | Place    | Note
-------+----------+-------------------------------------------
     0 | D:1      | Xavori the Djinni Chaos Knight began the quest for the Orb.
     0 | D:1      | Reached XP level 1. HP: 20/20 MP: 0/0
     9 | D:1      | XOM: silly message
    14 | D:1      | XOM: silly message
    18 | D:1      | Reached XP level 2. HP: 14/25 MP: 0/0
   224 | D:1      | XOM: noise
   228 | D:1      | Reached XP level 3. HP: 30/30 MP: 0/0
   228 | D:1      | Learned a level 1 spell: Magic Dart
   234 | D:1      | XOM: silly message
   319 | D:1      | Reached skill level 1 in Spellcasting
   319 | D:1      | Reached skill level 1 in Conjurations
   319 | D:1      | Reached skill level 1 in Hexes
   319 | D:1      | Reached skill level 1 in Summonings
   319 | D:1      | Reached skill level 1 in Necromancy
   319 | D:1      | Reached skill level 1 in Translocations
   319 | D:1      | Reached skill level 1 in Fire Magic
   319 | D:1      | Reached skill level 1 in Ice Magic
   319 | D:1      | Reached skill level 1 in Air Magic
   319 | D:1      | Reached skill level 1 in Earth Magic
   319 | D:1      | Reached skill level 1 in Alchemy
   847 | D:1      | XOM: divination: magic mapping
  1092 | D:1      | XOM: silly message
  1242 | D:1      | XOM: noise
  1569 | D:1      | XOM: noise
  1855 | D:1      | XOM: silly message
  2984 | D:1      | XOM: divination: detect creatures
  3681 | D:1      | XOM: summons 3 hostile shadow creatures
  4167 | D:1      | XOM: god gift: glaive {god gift}
  4601 | D:1      | XOM: cloud trail
  5173 | D:1      | XOM: give mutations
  5173 | D:1      | Gained mutation: You expend health (3 HP) to strengthen
                  | your wands. [Xom's grace]
  5173 | D:1      | Gained mutation: You are agile. (Dex +4, Str/Int -1) [Xom's
                  | grace]
  5173 | D:1      | Gained mutation: You have a pair of small horns on your
                  | head. [Xom's grace]
  5204 | D:1      | XOM: god gift: 8 stones
  5387 | D:1      | XOM: god gift: scroll labelled WIASUT YFIONER {god gift}
  5752 | D:1      | Identified the scarf of Qoarchir {+Inv, -Tele Int+8} (Xom
                  | gifted it to you on level 1 of the Dungeon)
  5752 | D:1      | XOM: god gift: scarf of Qoarchir {+Inv, -Tele Int+8}
  5908 | D:1      | XOM: god gift: 3 boomerangs
  6175 | D:1      | XOM: god gift: 4 datura-tipped darts
  6500 | D:1      | XOM: cloud trail
  6897 | D:1      | XOM: god gift: 3 silver javelins
  7253 | D:1      | XOM: silly message
  7844 | D:1      | XOM is BORED!
  7844 | D:1      | XOM: torment (16/30 hp)
  8511 | D:1      | XOM: summons 3 hostile shadow creatures
  8786 | D:2      | XOM: give mutation
  8786 | D:2      | Gained mutation: You are resistant to electric shocks.
                  | (rElec) [Xom's grace]
  8909 | D:2      | Reached XP level 4. HP: 32/35 MP: 0/0
  8969 | D:2      | XOM: give mutations
  8969 | D:2      | Gained mutation: You have hidden genetic defects. [Xom's
                  | mischief]
  8969 | D:2      | Gained mutation: Your spells are a little harder to cast,
                  | but a little more powerful. [Xom's mischief]
  8969 | D:2      | Gained mutation: You have a pair of horns on your head.
                  | [Xom's mischief]
  9074 | D:2      | XOM: god gift: scale mail {god gift}
  9088 | D:2      | Gained mutation: You occasionally lose the ability to read
                  | scrolls when taking damage. [hidden defects]
  9146 | D:2      | XOM: confuse monster(s)
  9171 | D:2      | Gained mutation: You sometimes lose your temper in combat.
                  | [hidden defects]
  9171 | D:2      | Lost mutation: You have hidden genetic defects. [hidden
                  | defects expressed]
  9385 | D:3      | Found a faded altar of an unknown god.
  9656 | D:3      | XOM: noise
  9672 | D:3      | XOM: polymorph quokka -> river rat
  9677 | D:3      | Reached XP level 5. HP: 37/40 MP: 0/0
  9677 | D:3      | Learned a level 2 spell: Searing Ray
  9790 | D:3      | XOM: torment (21/40 hp)
  9939 | D:3      | Found a transporter.
  9940 | D:3      | Noticed Implojin's ghost (amateur NaAl)
  9940 | D:3      | Noticed an ogre
  9942 | D:3      | Noticed an ogre
  9944 | D:3      | Found a transporter.
 10343 | D:3      | XOM: stat loss: -1 Str (9/10)
 10432 | D:4      | XOM: fog
 10468 | D:4      | XOM: summons 2 hostile shadow creatures
 10517 | D:4      | Reached skill level 1 in Evocations
 10526 | D:4      | Reached XP level 6. HP: 40/46 MP: 0/0
 10653 | D:4      | Noticed Blork the orc
 10653 | D:4      | Noticed an ogre
 10653 | D:4      | XOM: scenery: create altars
 10667 | D:4      | Killed an ogre
 10781 | D:4      | Reached XP level 7. HP: 51/51 MP: 0/0
 10781 | D:4      | Learned a level 2 spell: Jinxbite
 10851 | D:4      | XOM: summons 3 hostile shadow creatures
 10886 | D:3      | XOM: potion effect (haste)
 10903 | D:3      | XOM: give mutation
 10903 | D:3      | Gained mutation: You are partially covered in iridescent
                  | scales. (AC +2) [Xom's grace]
 10950 | D:4      | XOM: cleaving
 10958 | D:4      | Killed Blork the orc
 11069 | D:4      | XOM: scenery: 1 doors open, 1 doors close
 11143 | D:4      | XOM: summons 4 hostile demons
 11304 | D:5      | Entered Level 5 of the Dungeon
 11353 | D:5      | Noticed a water moccasin
 11359 | D:5      | Killed a water moccasin
 11360 | D:5      | Reached XP level 8. HP: 56/58 MP: 0/0
 11411 | D:5      | XOM: noise
 11425 | D:5      | XOM: confusion (+ monsters)
 11897 | D:5      | Found a staircase to the Ecumenical Temple.
 11937 | D:5      | Found a glowing golden altar of the Shining One.
 12002 | D:5      | Found a shimmering altar of Xom.
 12323 | D:5      | Noticed Grinder
 12336 | D:5      | Killed Grinder
 12337 | D:5      | Reached XP level 9. HP: 41/64 MP: 0/0
 12337 | D:5      | Learned a level 3 spell: Summon Ice Beast
 12545 | D:5      | XOM: god gift: 4 stones
 12645 | D:6      | Reached skill level 5 in Fighting
 12645 | D:6      | Reached skill level 5 in Evocations
 12748 | D:6      | XOM: god gift: scroll of teleportation
 12824 | D:6      | Reached skill level 5 in Dodging
 12964 | D:6      | XOM: scenery: summon butterflies
 13084 | D:6      | XOM: draining
 13136 | D:6      | XOM: divination: detect creatures
 13455 | D:7      | XOM: scenery: summon butterflies
 13505 | D:7      | XOM: scenery: create altars
 13707 | D:7      | Noticed a sixfirhy
 13708 | D:7      | Found a runed translucent door.
 13741 | D:7      | Reached skill level 5 in Long Blades
 13884 | D:7      | XOM: swap monsters
 13894 | D:7      | Killed a sixfirhy
 13895 | D:7      | Reached skill level 5 in Spellcasting
 13895 | D:7      | Reached skill level 5 in Conjurations
 13895 | D:7      | Reached skill level 5 in Hexes
 13895 | D:7      | Reached skill level 5 in Summonings
 13895 | D:7      | Reached skill level 5 in Necromancy
 13895 | D:7      | Reached skill level 5 in Translocations
 13895 | D:7      | Reached skill level 5 in Fire Magic
 13895 | D:7      | Reached skill level 5 in Ice Magic
 13895 | D:7      | Reached skill level 5 in Air Magic
 13895 | D:7      | Reached skill level 5 in Earth Magic
 13895 | D:7      | Reached skill level 5 in Alchemy
 13895 | D:7      | Reached XP level 10. HP: 11/72 MP: 0/0
 14099 | D:8      | Noticed Pikel
 14106 | D:8      | XOM: cleaving
 14119 | D:7      | Killed Pikel
 14120 | D:7      | Reached skill level 5 in Armour
 14275 | D:8      | Found Habbyzyi's Jewellery Shoppe.
 14321 | D:8      | XOM: butterfly on damage
 14324 | D:8      | XOM: silly message
 14326 | D:8      | XOM: noise
 14335 | D:8      | Slain by a wight

Illustrated notes

Levels and vault maps discovered:
D:1:      minmay_arrival_semitransparent, layout_basic
D:2:      layout_basic
D:3:      layout_loops_corners, gammafunk_ghost_smash, basic_ecumenical_altar,
          roderic_roman_lattice, amethyst_killhole, minmay_pentangle
D:4:      layout_gridville, uniq_blork_the_orc
D:5:      layout_layer_cave, mainiacjoe_overflow_divided_tiny,
          minmay_temple_entry_antechambers, grunt_ministairs_15, uniq_grinder
D:6:      layout_basic
D:7:      cheibrodos_shockbox, layout_rooms
D:8:      layout_basic, serial_shops, kennysheep_little_box, uniq_pikel

Skill      XL: |  1  2  3  4  5  6  7  8  9 10 |
---------------+-------------------------------+-----
Spellcasting   | 1 2 3 5 |  5.4
Conjurations   | 1 2 3 5 |  5.4
Hexes          | 1 2 3 5 |  5.4
Summonings     | 1 2 3 5 |  5.4
Necromancy     | 1 2 3 5 |  5.4
Translocations | 1 2 3 5 |  5.4
Fire Magic     | 1 2 3 5 |  5.4
Ice Magic      | 1 2 3 5 |  5.4
Air Magic      | 1 2 3 5 |  5.4
Earth Magic    | 1 2 3 5 |  5.4
Alchemy        | 1 2 3 5 |  5.4
Long Blades    | 3 4 5 |  5.4
Armour         | 2 3 4 5 |  5.1
Dodging        | 3 4 5 6 |  6.0
Evocations     | 1 2 3 4 6 |  6.8
Fighting       | 4 5 6 |  6.0

Action                     |  1- 3 |  4- 6 |  7- 9 | 10-12 || total
---------------------------+-------+-------+-------+-------++-------
  Melee: Falchion          |    75 |    97 |    37 |       ||   209
         Punch             |     2 |       |     4 |     2 ||     8
         Headbutt          |       |    24 |    52 |     5 ||    81
         Long sword        |       |       |   194 |    35 ||   229
   Cast: Jinxbite          |       |       |     2 |       ||     2
         Summon Ice Beast  |       |       |     6 |     3 ||     9
  Evoke: Wand              |       |       |       |     4 ||     4
    Use: Scroll            |     1 |     5 |       |       ||     6
         Potion            |       |       |       |     2 ||     2
   Stab: Sleeping          |     1 |     2 |     1 |     1 ||     5
         Paralysed         |     1 |       |       |       ||     1
         Confused          |       |       |     2 |       ||     2
 Armour: Leather armour    |    49 |    52 |   185 |    21 ||   307
  Dodge: Dodged            |    57 |    81 |   362 |    45 ||   545

Table legend: (Time is in decaauts)
 A = Elapsed time spent in this place.
 B = Non-inter-level travel time spent in this place.
 C = Inter-level travel time spent in this place.
 D = Time resting spent in this place.
 E = Time spent auto-exploring this place.
 F = Levels seen in this place.
 G = Mean time per level.
                   A        B        C        D        E       F      G
               +--------+--------+--------+--------+--------+-----+--------+
         Total |  14518 |  14411 |    107 |   8887 |   4329 |   8 | 1814.8 |
       Dungeon |  14518 |  14411 |    107 |   8887 |   4329 |   8 | 1814.8 |
               +--------+--------+--------+--------+--------+-----+--------+

Top non-repeatable levels by time:
     D:1: 8218 daAuts
     D:5: 1294 daAuts
     D:2: 1155 daAuts
     D:3: 1140 daAuts
     D:6: 1067 daAuts
     D:4: 874 daAuts
     D:7: 540 daAuts
     D:8: 227 daAuts
